 Dungeon Crawl Stone Soup version 0.30-a0-377-g5cb311bc9f (webtiles) character file.

Game seed: 16451353750527122419

13038 themarg the Destroyer (level 11, -8/95 HPs)
             Began as a Yellow Draconian Conjurer on Dec 1, 2022.
             Was an Elder of Vehumet.
             Shot with a bolt by a yaktaur (18 damage)
             ... on level 11 of the Dungeon.
             The game lasted 00:47:41 (18049 turns).

themarg the Destroyer (Yellow Draconian Conjurer)  Turns: 18049, Time: 00:47:42

Health: -8/95      AC: 11    Str: 15    XL:     11   Next: 70%
Magic:  7/24       EV: 12    Int: 24    God:    Vehumet [****..]
Gold:   218        SH:  0    Dex:  9    Spells: 12/28 levels left

rFire   . . .      SeeInvis .    P - +12 spear "Ajuyt" {flame, rC+ Stlth+}
rCold   + . .      Faith    .    (no shield)
rNeg    . . .      Spirit   .    (body armour unavailable)
rPois   .          Reflect  .    (helmet restricted)
rElec   .          Harm     .    M - +1 cloak of Fortification {rCorr Stlth+}
rCorr   +          Rampage  .    (no gloves)
Will    .....                    X - +1 pair of boots
Stlth   ++++......               (no amulet)
HPRegen 0.35/turn                D - +6 ring of strength
MPRegen 0.19/turn                (no ring)

@: short of breath
A: spit acid, AC +7, unfitting armour, cold-blooded, acid resistance
a: Breathe Acid, Renounce Religion


You were on level 11 of the Dungeon.
You worshipped Vehumet.
Vehumet was greatly pleased with you.
You visited 2 branches of the dungeon, and saw 12 of its levels.
You also visited: Sewer, Ossuary and Bailey.

You collected 493 gold pieces.
You spent 275 gold pieces at shops.

Inventory:

Hand Weapons
 I - a +2 short sword of protection
 O - a +2 morningstar of holy wrath
 P - the +12 spear "Ajuyt" (weapon) {flame, rC+ Stlth+}
   (You found it on level 9 of the Dungeon)

   It burns those it strikes, dealing additional fire damage.
   rC:        It protects you from cold.
   Stlth:     It makes you more stealthy.
 Y - the +8 trident of Luawol {flame, rElec rPois Str+6}
   (You took it off a kobold brigand on level 10 of the Dungeon)

   It burns those it strikes, dealing additional fire damage.
   Str:       It affects your strength (+6).
   rElec:     It insulates you from electricity.
   rPois:     It protects you from poison.
Missiles
 k - 3 throwing nets
 l - 136 stones
 n - 2 datura-tipped darts
 r - 31 poisoned darts
 Q - 3 boomerangs
Armour
 M - the +1 cloak of Fortification (worn) {rCorr Stlth+}
   (You found it on level 7 of the Dungeon)

   rCorr:     It protects you from acid and corrosion.
   Stlth:     It makes you more stealthy.
 X - a +1 pair of boots (worn)
Jewellery
 D - a +6 ring of strength (left hand)
Wands
 d - a wand of charming (9)
 F - a wand of polymorph (1)
 L - a wand of quicksilver (14)
 N - a wand of flame (18)
Scrolls
 a - a scroll of butterflies {unknown}
 c - 3 scrolls of enchant armour {unknown}
 g - 8 scrolls of vulnerability
 h - 2 scrolls of magic mapping
 j - 6 scrolls of amnesia
 m - a scroll of torment {unknown}
 o - 3 scrolls of fear {unknown}
 p - a scroll of brand weapon {unknown}
 q - 5 scrolls of enchant weapon {unknown}
 s - 3 scrolls of noise
 v - 6 scrolls of teleportation {unknown}
 y - a scroll of poison {unknown}
 A - 3 scrolls of blinking {unknown}
 G - a scroll of immolation {unknown}
 T - 2 scrolls of identify
 W - a scroll of silence {unknown}
Potions
 b - 8 potions of curing
 e - 4 potions of attraction
 f - 5 potions of heal wounds
 i - 3 potions of haste
 t - 4 potions of brilliance
 u - 2 potions of mutation {unknown}
 w - 4 potions of invisibility
 x - 2 potions of magic
 z - 2 potions of lignification {unknown}
 B - 4 potions of might
 C - 2 potions of cancellation {unknown}
 E - 2 potions of resistance
 H - 2 potions of flight {unknown}
 J - a potion of degeneration {unknown}
 V - a potion of ambrosia {unknown}
Miscellaneous
 K - a phial of floods
 U - a box of beasts (inert)


   Skills:
 + Level 8.8 Fighting
 - Level 3.0 Dodging
 - Level 3.0 Stealth
 - Level 9.0 Spellcasting
 + Level 11.7 Conjurations
 - Level 3.0 Hexes
 - Level 3.0 Translocations
 + Level 6.9 Evocations


You had 12 spell levels left.
You knew the following spells:

 Your Spells              Type           Power      Damage    Failure   Level
a - Magic Dart            Conj           100%       1d8       1%          1
b - Searing Ray           Conj           100%       2d8       1%          2
c - Fulminant Prism       Conj/Hex       23%        3d12      1%          4
d - Iskenderun's Mystic   Conj/Tloc      46%        2d10      1%          4
e - Irradiate             Conj/Tmut      19%        3d18      4%          5

Your spell library contained the following spells:

 Spells                   Type           Power      Damage    Failure   Level
 Shock                    Conj/Air       100%       1d9       1%          1
 Slow                     Hex            100%       N/A       1%          1
 Dazzling Flash           Conj/Hex       92%        N/A       1%          3
 Blink                    Tloc           50%        N/A       2%          2
 Confusing Touch          Hex            25%        N/A       4%          3
 Portal Projectile        Hex/Tloc       50%        N/A       4%          3
 Airstrike                Air            5%         2d(1-17)  16%         4
 Olgreb's Toxic Radiance  Pois           10%        N/A       16%         4
 Call Canine Familiar     Summ           10%        N/A       17%         3
 Swiftness                Air            10%        N/A       17%         3
 Vampiric Draining        Necr           10%        2d6       17%         3
 Manifold Assault         Tloc           25%        N/A       17%         4
 Leda's Liquefaction      Hex/Erth       9%         N/A       30%         4
 Animate Dead             Necr           10%        N/A       50%         4
 Borgnjor's Vile Clutch   Necr/Erth      5%         N/A       85%         5
 Death Channel            Necr           5%         N/A       100%        6
 Ozocubu's Refrigeration  Ice            5%         4d8       100%        7
 Storm Form               Tmut/Air       5%         N/A       100%        7
 Ignition                 Fire           5%         3d4       100%        8


Dungeon Overview and Level Annotations

Branches:
Dungeon (11/15)            Temple (1/1) D:5            Lair (0/5) D:8
    Orc (0/2) D:9           Sewer (visited)         Ossuary (visited)
 Bailey (visited)

Altars:
Ashenzari
Cheibriados
Dithmenos
Elyvilon
Fedhas
Gozag
Hepliaklqana
Kikubaaqudgha
Makhleb
Nemelex Xobeh
Okawaru
Qazlal
Ru
Sif Muna
Trog
Uskayaw
Vehumet
Wu Jian
Xom
Yredelemnul
Zin
The Shining One

Shops:
D:7 [**!=   D:11 =

Annotations:
D:8 2 transporters, NinjaNoafa's ghost, novice MiFi
D:10 4 runed translucent doors


Innate Abilities, Weirdness & Mutations

You can spit globs of acid.
Your golden yellow scales are hard. (AC +7)
You cannot fit into any form of body armour.
You are cold-blooded and may be slowed by cold attacks.
You are resistant to acid. (rCorr)


Message History

Casting: Iskenderun's Mystic Blast (mildly dangerous; 1% risk of failure)
Confirm with . or Enter, or press ? or * to list all spells.
You erupt in a blast of force!
The mystic blast hits the two-headed ogre!
The two-headed ogre is severely wounded.
The two-headed ogre is knocked back by the mystic blast.
You hear a shout!
The yaktaur shoots a bolt.
The bolt hits you.
The yaktaur shoots a bolt.
The bolt hits you!
Casting: Iskenderun's Mystic Blast (mildly dangerous; 1% risk of failure)
Confirm with . or Enter, or press ? or * to list all spells.
Aiming: Searing Ray (safe; 1% risk of failure)
Press: ? - help, Shift-Dir - straight line, f/p - two-headed ogre
Aim: a two-headed ogre, wielding a +0 giant club and a +0 giant spiked club (severely wounded, covered in acid, 92% to hit)
The searing ray hits the two-headed ogre!
The two-headed ogre is severely wounded. (Press . to maintain the ray.)
The yaktaur shoots a bolt.
The bolt hits you!
The searing ray hits the two-headed ogre.
The two-headed ogre is severely wounded.
The yaktaur shoots a bolt.
The bolt hits you!!
* * * LOW HITPOINT WARNING * * *
The searing ray hits the two-headed ogre.
The two-headed ogre is almost dead.
The yaktaur shoots a bolt.
The bolt barely misses you.
The two-headed ogre attacks as you move away!
The two-headed ogre hits you but does no damage.
The two-headed ogre hits you with a +0 giant spiked club!!
* * * LOW HITPOINT WARNING * * *
Casting: Searing Ray (safe; 1% risk of failure)
Confirm with . or Enter, or press ? or * to list all spells.
You don't have enough magic to cast this spell.
Aiming: Quicksilver Bolt
Press: ? - help, Shift-Dir - straight line, f/p - two-headed ogre
Aim: a two-headed ogre, wielding a +0 giant club and a +0 giant spiked club (almost dead, covered in acid, 88% to hit)
The bolt of dispelling energy hits the two-headed ogre!!
You kill the two-headed ogre!
Vehumet accepts your kill.
You feel your power returning.
The yaktaur shoots a bolt.
The bolt hits you!!
You die...

###.# #.# #.# ###########
#.# #..)......# ###.#
#.........###### .##.#
#..............# .##.#
#..............#
..#.######.....)........#
..#........†....@.......#
..#.#############)......#
......# #.......#
#.###.###########.......#
#.#
#..........##.......##
### #.#
#..........###+#.....###
≈.B. #.# ##.........#
#.#...c...# ≈≈≈≈ #.#
#.........#
#..)......#..≈≈≈
#.####..........
###.......#.....


You could see a yaktaur.

Vanquished Creatures
  6 two-headed ogres
  Pikel (D:9)
  A gargoyle (Bailey)
  2 komodo dragons
  2 hornets
  2 trolls (D:10)
  A slime creature (D:10)
  4 wraiths
  A vampire (Bailey)
  A basilisk (D:10)
  A steam dragon (D:8)
  4 yaks (D:10)
  3 acid dragons
  3 water moccasins
  2 sky beasts (D:6)
  Pargi (Sewer)
  An orc warrior (D:10)
  A black bear (D:5)
  An ice beast (D:7)
  A centaur (D:9)
  3 ogres
  3 wolves (D:11)
  3 lemures (D:9)
  A phantom (D:6)
  3 kobold brigands
  4 bullfrogs
  2 necrophages
  A scorpion (D:5)
  9 wights
  13 killer bees
  4 electric eels (D:10)
  8 vampire bats (Bailey)
  7 howler monkeys
  5 wolf zombies (Bailey)
  A centaur zombie (Ossuary)
  2 jellies
  3 gnoll boudas
  5 orc priests
  A hound (D:5)
  5 iguanas
  9 orc wizards
  11 adders
  16 gnolls
  A shadow imp (D:5)
  An ufetubus (D:6)
  A worm (D:4)
  2 dart slugs
  35 orcs
  7 ball pythons
  6 bats
  4 endoplasms
  3 giant cockroaches
  9 goblins
  11 hobgoblins
  2 jackals (D:4)
  6 quokkas
  4 frilled lizards
  2 hobgoblin skeletons (Ossuary)
  A hobgoblin zombie (Ossuary)
  20 kobolds
  2 kobold zombies (Ossuary)
  4 orc skeletons (Ossuary)
  19 orc zombies (Bailey)
  3 rats
301 creatures vanquished.

Vanquished Creatures (collateral kills)
  A boulder beetle (D:10)
  A yak (D:10)
2 creatures vanquished.

Vanquished Creatures (others)
  19 fulminant prisms
  70 plants
89 creatures vanquished.

Grand Total: 392 creatures vanquished

Notes
Turn   | Place    | Note
-------+----------+-------------------------------------------
     0 | D:1      | themarg the Draconian Conjurer began the quest for the Orb.
     0 | D:1      | Reached XP level 1. HP: 14/14 MP: 3/3
   207 | D:1      | Reached XP level 2. HP: 16/20 MP: 0/5
   210 | D:1      | Learned a level 2 spell: Searing Ray
   819 | D:1      | Reached XP level 3. HP: 26/26 MP: 3/6
  1312 | D:2      | Found a faded altar of an unknown god.
  2198 | D:3      | Found a glowing drain.
  2216 | Sewer    | Entered a sewer
  2285 | Sewer    | Reached XP level 4. HP: 25/33 MP: 2/8
  2436 | Sewer    | Noticed Pargi
  2448 | Sewer    | Killed Pargi
  2449 | Sewer    | Reached skill level 5 in Conjurations
  2449 | Sewer    | Reached XP level 5. HP: 29/38 MP: 6/10
  3966 | D:4      | Reached XP level 6. HP: 45/45 MP: 7/11
  4311 | D:4      | Reached skill level 6 in Conjurations
  4930 | D:5      | Entered Level 5 of the Dungeon
  5281 | D:5      | Found a staircase to the Ecumenical Temple.
  5329 | Temple   | Entered the Ecumenical Temple
  5358 | Temple   | Became a worshipper of Vehumet
  5416 | D:5      | Your scales start taking on a golden yellow colour.
  5416 | D:5      | Reached XP level 7. HP: 50/50 MP: 6/14
  5416 | D:5      | Gained mutation: You are resistant to acid. (rCorr) [Yellow
                  | Draconian growth]
  5571 | D:5      | Reached skill level 5 in Spellcasting
  6043 | D:5      | Reached skill level 7 in Conjurations
  6456 | D:6      | Reached skill level 8 in Conjurations
  6532 | D:6      | Reached skill level 1 in Translocations
  6532 | D:6      | Reached XP level 8. HP: 43/57 MP: 3/15
  6682 | D:6      | Reached skill level 1 in Hexes
  6912 | D:6      | Reached * piety under Vehumet
  6912 | D:6      | Offered knowledge of Sandblast by Vehumet.
  7291 | D:6      | Reached skill level 9 in Conjurations
  7859 | D:7      | Found Opsoxics's Mayhem Merchandise.
  7865 | D:7      | Found Liekoc's Distillery.
  7929 | D:7      | Found a sand-covered staircase.
  7936 | Ossuary  | Entered an ossuary
  8237 | Ossuary  | Noticed a flying skull
  8246 | Ossuary  | Noticed a flying skull
  8255 | Ossuary  | Noticed a flying skull
  8273 | Ossuary  | Noticed a flying skull
  8404 | Ossuary  | Reached ** piety under Vehumet
  8405 | Ossuary  | Reached skill level 10 in Conjurations
  8405 | Ossuary  | Reached XP level 9. HP: 45/67 MP: 6/16
  8765 | D:7      | Offered knowledge of Scorch by Vehumet.
  8868 | D:7      | Found Tutilecs's Jewellery Shop.
  9253 | D:7      | Identified the +1 robe of Fashionability {*Slow Int+6}
  9281 | D:7      | Reached skill level 5 in Fighting
  9551 | D:7      | Found Iseezif's Assorted Antiques.
  9807 | D:7      | Bought a potion of brilliance for 44 gold pieces
  9807 | D:7      | Bought a potion of invisibility for 88 gold pieces
  9807 | D:7      | Bought a potion of resistance for 110 gold pieces
  9807 | D:7      | Bought a potion of curing for 33 gold pieces
  9945 | D:7      | Learned a level 4 spell: Fulminant Prism
  9950 | D:7      | Learned a level 4 spell: Iskenderun's Mystic Blast
  9953 | D:7      | Identified the +1 cloak of Fortification {rCorr Stlth+}
 10049 | D:7      | Found Rotat's Antique Armour Shoppe.
 10277 | D:8      | Noticed a two-headed ogre
 10282 | D:8      | Killed a two-headed ogre
 10435 | D:8      | Reached skill level 1 in Evocations
 10435 | D:8      | Reached XP level 10. HP: 73/82 MP: 6/20
 10531 | D:8      | Found a transporter.
 10541 | D:8      | Noticed an orange demon
 10543 | D:8      | Noticed NinjaNoafa's ghost (novice MiFi)
 10546 | D:8      | Noticed a red ugly thing
 10573 | D:8      | Found a blossoming altar of Fedhas.
 10750 | D:8      | Found a staircase to the Lair.
 10771 | D:8      | Noticed a two-headed ogre
 10937 | D:8      | Killed a two-headed ogre
 11246 | D:8      | Identified the +9 trident of the Dwarven Hall {flame, rC+}
 11352 | D:8      | Found a transporter.
 11611 | D:9      | Found a flagged portal.
 11619 | D:9      | Identified the +12 spear "Ajuyt" {flame, rC+ Stlth+}
 11625 | Bailey   | Entered a bailey
 11704 | Bailey   | Offered knowledge of Ignite Poison by Vehumet.
 11944 | Bailey   | Reached *** piety under Vehumet
 12379 | Bailey   | Noticed a gargoyle
 12387 | Bailey   | Killed a gargoyle
 12451 | Bailey   | Offered knowledge of Inner Flame by Vehumet.
 12906 | D:9      | Found a staircase to the Orcish Mines.
 13290 | D:9      | Noticed Pikel
 13422 | D:9      | Killed Pikel
 13423 | D:9      | Reached skill level 5 in Evocations
 13734 | D:9      | Reached **** piety under Vehumet
 14077 | D:9      | Paralysed by a hornet for 1 turns
 14580 | D:10     | Entered Level 10 of the Dungeon
 14847 | D:10     | Found a large runed translucent door.
 14847 | D:10     | Found a large runed translucent door.
 14848 | D:10     | Noticed a cyclops
 14849 | D:10     | Noticed a tengu warrior
 14894 | D:10     | Noticed a two-headed ogre
 14899 | D:10     | Killed a two-headed ogre
 14900 | D:10     | Reached XP level 11. HP: 62/92 MP: 15/23
 14902 | D:10     | Noticed a two-headed ogre
 14929 | D:10     | Killed a two-headed ogre
 14930 | D:10     | Reached skill level 11 in Conjurations
 15116 | D:10     | Found a large runed translucent door.
 15116 | D:10     | Found a large runed translucent door.
 15136 | D:10     | Noticed a two-headed ogre
 15141 | D:10     | Killed a two-headed ogre
 15146 | D:10     | Offered knowledge of Irradiate by Vehumet.
 15153 | D:10     | Learned a level 5 spell: Irradiate
 16351 | D:10     | Identified the +8 trident of Luawol {flame, rElec rPois
                  | Str+6}
 16582 | D:10     | Found a shadowy altar of Dithmenos.
 16588 | D:10     | Found a sacrificial altar of Ru.
 16724 | D:10     | Noticed a boulder beetle
 16746 | D:10     | Killed a boulder beetle
 17882 | D:11     | Paralysed by a hornet for 1 turns
 17886 | D:11     | Paralysed by a hornet for 1 turns
 18028 | D:11     | Found Quosiv's Jewellery Shoppe.
 18028 | D:11     | Noticed a boulder beetle
 18032 | D:11     | Noticed a two-headed ogre
 18049 | D:11     | Killed a two-headed ogre
 18049 | D:11     | Shot with a bolt by a yaktaur

Illustrated notes

Levels and vault maps discovered:
D:1:      scummos_arrival_checkerplants, layout_loops_cross
D:2:      minmay_alternating_diamond, layout_loops_ring, serial_bayou,
          serial_bayou_pond_d, serial_bayou_pond_c, serial_bayou_lagoon_a,
          serial_bayou_pond_d, shapermc_ecumenical_altar_venn, item_on_display_a
D:3:      layout_basic, portal_sewer_entry_a
D:4:      layout_basic
D:5:      layout_loops_corners, temple_pool_b
D:6:      layout_basic, kennysheep_another_room
D:7:      layout_loops_ring, chequers_ossuary_entry_cave, serial_shops,
          nicolae_take_the_stairs, nicolae_inconvenience_store, shop, shop,
          grunt_decor_fettered, hex_medium, minmay_shop_mayhem
D:8:      layout_rooms, kennysheep_mini, david_lair_shrubbed,
          gammafunk_ghost_abyssal_escape, lemuel_flamethrower_2
D:9:      layout_gridville, david_orc_2, enter_bailey_2, nicolae_lava_and_water,
          uniq_pikel
D:10:     wad_lake_hut, layout_stronghold, mainiacjoe_overflow_large_starburst,
          minmay_hollow_rounded_squares
D:11:     fort_yaktaur, layout_basic, serial_shops, shop, uniq_grum,
          uniq_amaemon
Temple:   hellmonk_temple_of_storms

Skill      XL: |  1  2  3  4  5  6  7  8  9 10 11 |
---------------+----------------------------------+-----
Stealth        | 2 3 |  3.0
Spellcasting   | 3 4 5 7 8 9 |  9.0
Conjurations   | 5 6 8 10 11 | 11.7
Translocations | 1 3 |  3.0
Hexes          | 3 |  3.0
Fighting       | 2 5 7 8 |  8.8
Dodging        | 3 |  3.0
Evocations     | 1 5 6 |  6.9

Action                   |  1- 3 |  4- 6 |  7- 9 | 10-12 || total
-------------------------+-------+-------+-------+-------++-------
Melee: Unarmed           |    15 |       |       |       ||    15
       Tailslap          |     2 |       |       |     3 ||     5
       Dagger            |    19 |       |     5 |       ||    24
       Short sword       |       |       |       |     7 ||     7
       Spear             |       |       |       |    11 ||    11
 Cast: Magic Dart        |    52 |    44 |    23 |    37 ||   156
       Searing Ray       |    12 |    36 |    88 |   100 ||   236
       Iskenderun's Myst |       |       |     2 |    46 ||    48
       Fulminant Prism   |       |       |       |    19 ||    19
 Abil: Breathe Acid      |       |       |     1 |    14 ||    15
Evoke: Wand              |       |       |     1 |     6 ||     7
       Box of beasts     |       |       |       |     1 ||     1
  Use: Potion            |       |     1 |       |     3 ||     4
       Scroll            |       |     6 |     3 |     2 ||    11
Armor: Skin              |    15 |    14 |    29 |    34 ||    92
Dodge: Dodged            |    33 |    20 |    59 |    96 ||   208

Table legend: (Time is in decaauts)
 A = Elapsed time spent in this place.
 B = Non-inter-level travel time spent in this place.
 C = Inter-level travel time spent in this place.
 D = Time resting spent in this place.
 E = Time spent auto-exploring this place.
 F = Levels seen in this place.
 G = Mean time per level.
                   A        B        C        D        E       F      G
               +--------+--------+--------+--------+--------+-----+--------+
         Total |  18173 |  17563 |    610 |   3118 |  11747 |  15 | 1211.5 |
       Dungeon |  15732 |  15122 |    610 |   1861 |  11323 |  11 | 1430.2 |
        Temple |     47 |     47 |      0 |      0 |      2 |   1 |   47.0 |
         Sewer |    416 |    416 |      0 |    137 |    171 |   1 |  416.0 |
       Ossuary |    759 |    759 |      0 |    338 |    166 |   1 |  759.0 |
        Bailey |   1217 |   1217 |      0 |    781 |     85 |   1 | 1217.0 |
               +--------+--------+--------+--------+--------+-----+--------+

Top non-repeatable levels by time:
    D:10: 2651 daAuts
     D:7: 1886 daAuts
     D:6: 1713 daAuts
     D:9: 1702 daAuts
     D:8: 1584 daAuts
  Bailey: 1217 daAuts
     D:1: 1203 daAuts
     D:4: 1200 daAuts
     D:5: 1167 daAuts
     D:3: 1146 daAuts
     D:2: 1008 daAuts
 Ossuary: 759 daAuts
    D:11: 468 daAuts
   Sewer: 416 daAuts
  Temple: 47 daAuts
